 Dungeon Crawl Stone Soup version 0.32-a0-558-g233958a4c4 (webtiles) character file.

Game seed: 7386854552239717838

2791 seren the Carver (level 9, 0/69 HPs)
             Began as a Coglin Gladiator on Feb 29, 2024.
             Was an Initiate of Gozag.
             Slain by Erica
             ... wielding a +3 scimitar of flaming
              (2 damage)
             ... on level 8 of the Dungeon.
             The game lasted 00:17:40 (7950 turns).

seren the Carver (Coglin Gladiator)                 Turns: 7950, Time: 00:17:41

Health: 0/69       AC:  8    Str: 16    XL:     9   Next: 71%
Magic:  9/9        EV:  4    Int: 10    God:    Gozag
Gold:   771        SH:  0    Dex: 19    Spells: 8/8 levels left

rFire   . . .        E - +11 falchion of Accord {freeze, Int+3}
rCold   . . .        a - +0 long sword {Chun}
rNeg    . . .        i - +0 ring mail
rPois   .            c - +0 helmet
rElec   .            u - +0 cloak
rCorr   .            (no gloves)
SInv    .            A - +0 pair of boots
Will    .....        (amulet unavailable)
Stlth   +            (ring unavailable)
HPRegen 0.31/turn    (ring unavailable)
MPRegen 0.11/turn    (no gizmo)

%: no passive effects
@: slowed, constricted, revved, very slow
A: off-hand wielding, slow wielding, warmup strikes, no jewelry
a: Invent Gizmo, Renounce Religion, Potion Petition, Call Merchant, Bribe Branch


You were on level 8 of the Dungeon.
You worshipped Gozag.
Gozag was pleased with you.
You visited 2 branches of the dungeon, and saw 9 of its levels.

You collected 1050 gold pieces.
You spent 256 gold pieces at shops.
You paid 23 gold pieces to Gozag.

Inventory:

Hand Weapons
 a - a +0 long sword (offhand) {Chun}
 m - a +4 dagger {Tepiltzin}
 B - a +0 falchion {Minjee}
 E - the +11 falchion of Accord (weapon) {freeze, Int+3}
   (You found it on level 5 of the Dungeon)

   Int+3:     It affects your intelligence (+3).
 G - a +2 vampiric dagger
 H - a +0 rapier
Missiles
 b - 22 poisoned darts
 d - 3 throwing nets (quivered) {!f}
 e - 8 javelins
 y - 3 datura-tipped darts
 C - 6 boomerangs
Armour
 c - a +0 helmet (worn)
 i - a +0 ring mail (worn)
 u - a +0 cloak (worn)
 A - a +0 pair of boots (worn)
Wands
 h - a wand of flame (29)
 v - a wand of charming (14)
Scrolls
 g - a scroll of immolation {unknown}
 n - 3 scrolls of poison
 o - 2 scrolls of teleportation {!r}
 p - 2 scrolls of enchant armour
 q - 2 scrolls of amnesia {unknown}
 s - 2 scrolls of blinking {unknown}
 t - 5 scrolls of enchant weapon
 w - 4 scrolls of fog {unknown}
 D - a scroll of vulnerability {unknown}
 F - a scroll of revelation {unknown}
 I - a scroll of identify
Potions
 f - a potion of brilliance
 j - 4 potions of lignification
 k - 5 potions of curing
 l - 4 potions of attraction
 r - 2 potions of cancellation
 x - 2 potions of invisibility {unknown}
 z - a potion of haste
 J - a potion of ambrosia {unknown}


   Skills:
 + Level 5.7 Fighting
 + Level 8.2 Long Blades
 + Level 5.2 Throwing
 * Level 1.8 Armour
 + Level 5.5 Dodging
 + Level 5.4 Evocations


You had 8 spell levels left.
You didn't know any spells.
Your spell library contained the following spells:

 Spells                   Type           Power      Damage    Failure   Level
 Apportation              Tloc           0%         N/A       56%         1
 Kiss of Death            Conj/Necr      0%         2d5       56%         1
 Shock                    Conj/Air       0%         1d3       56%         1
 Jinxbite                 Hex            0%         N/A       71%         2
 Mercury Vapours          Alch/Air       0%         N/A       71%         2
 Static Discharge         Conj/Air       0%         3-3/arc   71%         2
 Confusing Touch          Hex            0%         N/A       91%         3
 Mephitic Cloud           Conj/Alch/Air  0%         N/A       91%         3
 Swiftness                Air            0%         N/A       91%         3
 Airstrike                Air            0%         2d(0-16)  100%        4
 Dispel Undead            Necr           0%         3d6       100%        4
 Summon Lightning Spire   Summ/Air       0%         N/A       100%        4
 Alistair's Intoxication  Alch           0%         N/A       100%        5
 Freezing Cloud           Conj/Ice/Air   0%         6-21      100%        5


Dungeon Overview and Level Annotations

Branches:
Dungeon (8/15)             Temple (1/1) D:5
   Lair: D:8-11

Altars:
Ashenzari
Cheibriados
Fedhas
Gozag
Kikubaaqudgha
Makhleb
Nemelex Xobeh
Okawaru
Sif Muna
Uskayaw
Vehumet
Wu Jian
Xom
Yredelemnul
The Shining One
Lugonu

Shops:
D:1 [   D:5 !

Annotations:
D:5 exclusion: oklob plant
D:7 exclusion: 2 doors
D:8 Erica


Innate Abilities, Weirdness & Mutations

You can wield a second weapon in your off-hand.
It takes a long time for you to wield or remove held weapons.
Your first few attacks do less damage.
You cannot equip rings or amulets.


Message History

Press: ? - help, Q - select action, (/) - cycle Shift-Dir - straight line, f/p - Erica
Aim: Erica, wielding a +3 scimitar of flaming and wearing a ring of resist corrosion (53% to hit)
You throw a throwing net {!f}. The throwing net {!f} hits Erica.
Erica is caught in the net!
You feel very sick.
Erica struggles against the net.
You feel better.
Erica struggles against the net.
Erica struggles against the net. x2
Erica struggles against the net.
You strike the helpless Erica from behind!
You hit Erica with your +0 long sword.
Erica is lightly wounded.
You barely miss Erica with the +11 falchion of Accord.
Erica struggles against the net.
The net rips apart, and Erica comes free!
You completely miss Erica with your +0 long sword.
Erica is lightly wounded.
You hit Erica with the +11 falchion of Accord.
You freeze Erica.
Erica hits you with a +3 scimitar of flaming!
* * * LOW HITPOINT WARNING * * *
Erica burns you.
* * * LOW HITPOINT WARNING * * *
Erica grabs you. Erica constricts you.
* * * LOW HITPOINT WARNING * * *
Erica hits you with a +3 scimitar of flaming!
* * * LOW HITPOINT WARNING * * *
Erica burns you.
* * * LOW HITPOINT WARNING * * *
Erica constricts you.
* * * LOW HITPOINT WARNING * * *
You hit Erica with your +0 long sword.
Erica is lightly wounded.
You miss Erica with the +11 falchion of Accord.
Erica hits you with a +3 scimitar of flaming!
* * * LOW HITPOINT WARNING * * *
Erica burns you.
You die...
Erica begins burbling mirthfully and uncontrollably.
Your body crumbles into a pile of gold.

###........####.........##
#...........# #........##
##..........####.......#
#...........###......##
##..........##.(.##...###
#
#..........#..######...###
##........#..## ###))).
##.........## ####.
##.....@.## #. ...#
##..)x.## #. ....# ###).##
#. .....####..### ##### #.
.....##..## #...# ##### ##
.....#.(### #.ß.# #...# #
#......#####...###.<.# #
+....................# #
#####.........⌠...)....###
###


You could see Erica.

Vanquished Creatures
  A hornet (D:8)
  2 wyverns
  Sigmund (D:2)
  A steam dragon (D:6)
  A hornet zombie (D:5)
  An ice beast (D:5)
  An orc warrior (D:5)
  An ogre (D:7)
  2 centaurs
  A phantom (D:6)
  2 kobold brigands
  3 bullfrogs
  A scorpion (D:5)
  A howler monkey (D:4)
  3 jellies
  2 orc priests
  A bombardier beetle (D:5)
  4 hounds
  A sleepcap (D:6)
  6 iguanas
  Ijyb (D:3)
  7 orc wizards
  A hound zombie (D:5)
  Robin (D:4)
  7 gnolls
  4 adders
  2 white imps
  2 ufetubi (D:4)
  3 dart slugs
  2 ribbon worms
  26 orcs
  5 ball pythons
  6 endoplasms
  3 giant cockroaches
  6 goblins
  13 hobgoblins
  7 jackals
  18 kobolds
  2 quokkas
  3 bats
  4 frilled lizards
  7 rats
166 creatures vanquished.

Notes
Turn   | Place    | Note
-------+----------+-------------------------------------------
     0 | D:1      | seren the Coglin Gladiator began the quest for the Orb.
     0 | D:1      | Reached XP level 1. HP: 16/16 MP: 1/1
     6 | D:1      | Noticed a wolf
     6 | D:1      | Noticed a swamp drake
     6 | D:1      | Noticed a killer bee
     7 | D:1      | Noticed an anaconda
     7 | D:1      | Noticed a lindwurm
   156 | D:1      | Reached XP level 2. HP: 15/22 MP: 2/2
   467 | D:1      | Found Jayze's Armour Shoppe.
   689 | D:1      | Reached XP level 3. HP: 27/27 MP: 3/3
  1037 | D:2      | Noticed Sigmund
  1042 | D:2      | Killed Sigmund
  1043 | D:2      | Reached skill level 4 in Long Blades
  1043 | D:2      | Reached XP level 4. HP: 28/35 MP: 4/4
  1043 | D:2      | Reached XP level 5. HP: 33/41 MP: 5/5
  1491 | D:2      | Reached XP level 6. HP: 42/47 MP: 6/6
  1978 | D:3      | Found a snail-covered altar of Cheibriados.
  2372 | D:3      | Found a shimmering altar of Xom.
  2489 | D:3      | Found an opulent altar of Gozag.
  2491 | D:3      | Found an ornate altar of the Wu Jian Council.
  2496 | D:3      | Became a worshipper of Gozag Ym Sagoz the Greedy
  2621 | D:3      | Reached skill level 5 in Long Blades
  2884 | D:1      | Bought a +0 cloak for 58 gold pieces
  3126 | D:4      | Noticed Ijyb
  3126 | D:4      | Noticed Robin
  3202 | D:3      | Killed Ijyb
  3264 | D:4      | Killed Robin
  3367 | D:4      | Reached XP level 7. HP: 52/52 MP: 7/7
  3535 | D:4      | Reached skill level 1 in Evocations
  4005 | D:1      | Bought a +0 pair of boots for 58 gold pieces
  4070 | D:5      | Entered Level 5 of the Dungeon
  4188 | D:5      | Found Ubuer's Distillery.
  4189 | D:5      | Identified the +11 falchion of Accord {freeze, Int+3}
  4336 | D:5      | Reached skill level 6 in Long Blades
  4519 | D:5      | Found a staircase to the Ecumenical Temple.
  4540 | D:5      | Found a blossoming altar of Fedhas.
  4561 | D:5      | Noticed an oklob plant
  4597 | D:5      | Reached XP level 8. HP: 60/60 MP: 8/8
  5402 | D:5      | Found a basalt altar of Yredelemnul.
  5731 | D:5      | Bought a potion of attraction for 42 gold pieces
  5731 | D:5      | Bought a potion of brilliance for 56 gold pieces
  5731 | D:5      | Bought a potion of curing for 42 gold pieces
  5756 | Temple   | Entered the Ecumenical Temple
  5848 | D:6      | Noticed a wyvern
  5855 | D:6      | Killed a wyvern
  5856 | D:6      | Reached skill level 7 in Long Blades
  5914 | D:6      | Reached skill level 5 in Fighting
  5914 | D:6      | Reached XP level 9. HP: 27/68 MP: 9/9
  6085 | D:6      | Reached skill level 5 in Dodging
  6424 | D:6      | Found a radiant altar of Vehumet.
  7040 | D:7      | Found a burning altar of Makhleb.
  7042 | D:7      | Reached skill level 5 in Evocations
  7273 | D:7      | Found a sparkling altar of Nemelex Xobeh.
  7280 | D:7      | Reached skill level 8 in Long Blades
  7280 | D:7      | Reached skill level 5 in Throwing
  7618 | D:8      | Reached skill level 1 in Armour
  7720 | D:8      | Noticed a hornet
  7727 | D:8      | Killed a hornet
  7917 | D:8      | Noticed Erica
  7950 | D:8      | HP: 2/69 [Erica/+3 scimitar of flaming (10)]
  7950 | D:8      | Slain by Erica

Illustrated notes

Levels and vault maps discovered:
D:1:      onia_arrival_zoo_common, layout_basic, serial_shops, shop, st_stairs_1
D:2:      layout_loops_ring, serial_co_window_serial, co_window_paths_b,
          co_window_corner_a, co_window_corner_a, co_window_corner_a,
          co_window_paths_b, co_window_paths_a, co_window_paths_a,
          co_window_of_opportunity_a, co_window_of_opportunity_a,
          co_window_corner_b, co_window_of_opportunity_c, co_window_corner_cb,
          co_window_broadway_a, glass_columns_a, glass_columns_b,
          glass_columns_a, glass_columns_b, minivault_19, st_stairs_2,
          uniq_sigmund
D:3:      layout_loops_ring, nicolae_overflow_crystal_walls, slow_altar_2,
          gammafunk_temple_overflow_wave, shapermc_ecumenical_altar_petra,
          grunt_ministairs_8
D:4:      layout_basic, nicolae_goblin_pals
D:5:      layout_basic, tgw_fedhas, lemuel_zombie_altar_yredelemnul,
          minmay_temple_entry_glassed_door, serial_shops, shop,
          roderic_serpentine_path, nicolae_nh_ransacked_shop
D:6:      layout_basic, fiery_altar_vehumet
D:7:      layout_cave_pools, makhleb_blood_cavern_becter,
          nemelex_dance_club_becter, nrook_pool_corridor
D:8:      gammafunk_cloud_chamber, layout_cave_pods,
          mainiacjoe_overflow_surrounded_room, nicolae_qazlal_beasts_of_the_sky,
          nicolae_elevator_lobby_asterisk, uniq_erica
Temple:   corrupted_temple

Skill      XL: |  1  2  3  4  5  6  7  8  9 |
---------------+----------------------------+-----
Throwing       | 2 3 4 5 |  5.2
Dodging        | 3 4 5 |  5.5
Fighting       | 3 4 5 |  5.7
Long Blades    | 4 5 6 7 8 |  8.2
Evocations     | 2 4 5 |  5.4
Armour         | 1 |  1.8

Action                     |  1- 3 |  4- 6 |  7- 9 || total
---------------------------+-------+-------+-------++-------
  Melee: Long sword        |    78 |   102 |   160 ||   340
         Dagger            |     2 |    94 |    27 ||   123
         Falchion          |       |       |   137 ||   137
  Throw: Throwing net      |     1 |       |     3 ||     4
         Dart              |       |       |     8 ||     8
    Use: Potion            |     1 |       |     3 ||     4
         Scroll            |       |       |     8 ||     8
   Stab: Held in net/web   |     1 |       |     1 ||     2
 Armour: Leather armour    |    14 |       |       ||    14
         Ring mail         |    32 |    70 |   119 ||   221
         Skin              |       |       |     2 ||     2
  Dodge: Dodged            |    50 |    74 |   100 ||   224

Table legend: (Time is in decaauts)
 A = Elapsed time spent in this place.
 B = Non-inter-level travel time spent in this place.
 C = Inter-level travel time spent in this place.
 D = Time resting spent in this place.
 E = Time spent auto-exploring this place.
 F = Levels seen in this place.
 G = Mean time per level.
                   A        B        C        D        E       F      G
               +--------+--------+--------+--------+--------+-----+--------+
         Total |   7978 |   7656 |    322 |    679 |   5156 |   9 |  886.4 |
       Dungeon |   7976 |   7654 |    322 |    679 |   5156 |   8 |  997.0 |
        Temple |      1 |      1 |      0 |      0 |      0 |   1 |    1.0 |
               +--------+--------+--------+--------+--------+-----+--------+

Top non-repeatable levels by time:
     D:5: 1707 daAuts
     D:2: 1229 daAuts
     D:3: 1068 daAuts
     D:4: 925 daAuts
     D:1: 872 daAuts
     D:6: 865 daAuts
     D:7: 814 daAuts
     D:8: 491 daAuts
  Temple: 1 daAuts
